TOP OF THE 1ST |
---|
Kalamazoo Royale with Cheese batting - Pitching for St Charles Sheens : RHP Bill Hines | Pitching: RHP Bill Hines | | Batting: LHB Javier Espinoza | 0-0: Ball 1-0: Ball 2-0: Fly out, F7 (Flyball, 78D) | Batting: LHB Doyle Otterburn | 0-0: Ball 1-0: Ball 2-0: Called Strike 2-1: Called Strike 2-2: Fly out, F9 (Flyball, 9LM) | Batting: RHB Zander Tremblett | 0-0: Foul Ball, location: 2F 0-1: Ball 1-1: Foul Ball, location: 2F 1-2: Strikes out swinging | Top of the 1st over - 0 runs, 0 hits, 0 errors, 0 left on base; Kalamazoo 0 - St Charles 0 | BOTTOM OF THE 1ST |
---|
St Charles Sheens batting - Pitching for Kalamazoo Royale with Cheese : RHP Oscar Wheeler | Pitching: RHP Oscar Wheeler | | Batting: RHB Jesús Hernández | 0-0: Ball 1-0: Foul Ball, location: 2F 1-1: SINGLE (Line Drive, 6M) | Batting: RHB Augusto Trevino | 0-0: Called Strike 0-1: Ball 1-1: Ball 2-1: Ball 3-1: Called Strike 3-2: Foul Ball, location: 2F 3-2: Fielders Choice at 2nd, 1-6 (Groundball, P) | Batting: LHB Larry Howard | 0-0: DOUBLE (Line Drive, 3D) Augusto Trevino to third | Batting: RHB Max Rash | 0-0: Ball 1-0: Ball 2-0: Called Strike 2-1: Called Strike 2-2: Foul Ball, location: 2F 2-2: Ball 3-2: Foul Ball, location: 2F 3-2: Base on Balls | Batting: RHB Víctor Arredondo | 0-0: Ball 1-0: Swinging Strike 1-1: Ball 2-1: Ball 3-1: Called Strike 3-2: Foul Ball, location: 2F 3-2: Fielders Choice at 2nd, 6-4 (Groundball, 6) Augusto Trevino scores Larry Howard to third | Batting: RHB Walton Smith | 0-0: Called Strike 0-1: Ball 1-1: Swinging Strike 1-2: Ball 2-2: Ground out 6-3 (Groundball, 6S) | Bottom of the 1st over - 1 run, 2 hits, 0 errors, 2 left on base; Kalamazoo 0 - St Charles 1 | TOP OF THE 2ND |
---|
Kalamazoo Royale with Cheese batting - Pitching for St Charles Sheens : RHP Bill Hines | Batting: LHB Jacob Wright | 0-0: DOUBLE (Line Drive, 9LS) | Batting: LHB Roberto Sandoval | 0-0: TRIPLE (Flyball, 7D) Jacob Wright scores | Batting: LHB Keith Tillman | 0-0: Swinging Strike 0-1: Foul Ball, location: 2F 0-2: Ground out 3-1 (Groundball, 34S) Roberto Sandoval scores | Batting: LHB Bill McJannett | 0-0: Fly out, F8 (Flyball, 8LD) | Batting: RHB Jimmy Simon | 0-0: Ball 1-0: Foul Ball, location: 2F 1-1: Called Strike 1-2: Ball 2-2: Foul Ball, location: 2F 2-2: Strikes out swinging | Top of the 2nd over - 2 runs, 2 hits, 0 errors, 0 left on base; Kalamazoo 2 - St Charles 1 | BOTTOM OF THE 2ND |
---|
St Charles Sheens batting - Pitching for Kalamazoo Royale with Cheese : RHP Oscar Wheeler | Batting: RHB Alfredo Hernández | 0-0: Called Strike 0-1: Called Strike 0-2: Ball 1-2: Strikes out swinging | Batting: LHB Kyle Harrison | 0-0: Ball 1-0: Called Strike 1-1: Ground out 6-3 (Groundball, 6) | Batting: RHB Roberto Ybarra | 0-0: Ball 1-0: Ground out 6-3 (Groundball, 6) | Bottom of the 2nd over - 0 runs, 0 hits, 0 errors, 0 left on base; Kalamazoo 2 - St Charles 1 | TOP OF THE 3RD |
---|
Kalamazoo Royale with Cheese batting - Pitching for St Charles Sheens : RHP Bill Hines | Batting: SHB Caden Keith | 0-0: Called Strike 0-1: Foul Ball, location: 2F 0-2: Ball 1-2: Ball 2-2: Ground out 4-3 (Groundball, 4) | Batting: LHB Javier Espinoza | 0-0: Swinging Strike 0-1: Called Strike 0-2: Ball 1-2: Ball 2-2: Foul Ball, location: 2F 2-2: Strikes out swinging, 2-3 out at first. | Batting: LHB Doyle Otterburn | 0-0: Called Strike 0-1: Swinging Strike 0-2: Foul Ball, location: 2F 0-2: Ball 1-2: Foul Ball, location: 2F 1-2: Strikes out swinging | Top of the 3rd over - 0 runs, 0 hits, 0 errors, 0 left on base; Kalamazoo 2 - St Charles 1 | BOTTOM OF THE 3RD |
---|
St Charles Sheens batting - Pitching for Kalamazoo Royale with Cheese : RHP Oscar Wheeler | Batting: RHB Jesús Hernández | 0-0: Called Strike 0-1: Swinging Strike 0-2: Foul Ball, location: 2F 0-2: Foul Ball, location: 2F 0-2: Foul Ball, location: 2F 0-2: Fly out, F9 (Flyball, 9S) | Batting: RHB Augusto Trevino | 0-0: Swinging Strike 0-1: Fly out, F6 (Flyball, 5D) | Batting: LHB Larry Howard | 0-0: Ground out 4-3 (Groundball, 4) | Bottom of the 3rd over - 0 runs, 0 hits, 0 errors, 0 left on base; Kalamazoo 2 - St Charles 1 | TOP OF THE 4TH |
---|
Kalamazoo Royale with Cheese batting - Pitching for St Charles Sheens : RHP Bill Hines | Batting: RHB Zander Tremblett | 0-0: Ball 1-0: Called Strike 1-1: Foul Ball, location: 2F 1-2: Ground out 6-3 (Groundball, 56) | Batting: LHB Jacob Wright | 0-0: Swinging Strike 0-1: Ball 1-1: Foul Ball, location: 2F 1-2: Fly out, F3 (Popup, 34) | Batting: LHB Roberto Sandoval | 0-0: Called Strike 0-1: Ball 1-1: Ball 2-1: Ball 3-1: Base on Balls | Batting: LHB Keith Tillman | 0-0: Ball 1-0: Swinging Strike 1-1: Called Strike 1-2: Ball 2-2: Ball 3-2: Foul Ball, location: 2F 3-2: Strikes out swinging | Top of the 4th over - 0 runs, 0 hits, 0 errors, 1 left on base; Kalamazoo 2 - St Charles 1 | BOTTOM OF THE 4TH |
---|
St Charles Sheens batting - Pitching for Kalamazoo Royale with Cheese : RHP Oscar Wheeler | Batting: RHB Max Rash | 0-0: Swinging Strike 0-1: Ball 1-1: Foul Ball, location: 2F 1-2: SINGLE (Groundball, 4MD) | Batting: RHB Víctor Arredondo | 0-0: Called Strike 0-1: Foul Ball, location: 2F 0-2: Ball 1-2: Foul Ball, location: 2F 1-2: Grounds into double play, 4-6-3 (Groundball, 4M) | Batting: RHB Walton Smith | 0-0: Hit by Pitch | Batting: RHB Alfredo Hernández | 0-0: Ball 1-0: Fly out, F4 (Popup, 4) | Bottom of the 4th over - 0 runs, 1 hit, 0 errors, 1 left on base; Kalamazoo 2 - St Charles 1 | TOP OF THE 5TH |
---|
Kalamazoo Royale with Cheese batting - Pitching for St Charles Sheens : RHP Bill Hines | Pitching: RHP António Ojeda | | Batting: LHB Bill McJannett | 0-0: Called Strike 0-1: Called Strike 0-2: Strikes out swinging | Batting: RHB Jimmy Simon | 0-0: Ball 1-0: Swinging Strike 1-1: Ball 2-1: Called Strike 2-2: Ball 3-2: Foul Ball, location: 2F 3-2: Foul Ball, location: 2F 3-2: Foul Ball, location: 2F 3-2: Strikes out looking | Batting: SHB Caden Keith | 0-0: Ball 1-0: Ball 2-0: Ball 3-0: Called Strike 3-1: Base on Balls | Batting: LHB Javier Espinoza | 0-0: Fly out, F8 (Flyball, 8LM) | Top of the 5th over - 0 runs, 0 hits, 0 errors, 1 left on base; Kalamazoo 2 - St Charles 1 | BOTTOM OF THE 5TH |
---|
St Charles Sheens batting - Pitching for Kalamazoo Royale with Cheese : RHP Oscar Wheeler | Pitching: LHP Manuel Herrera | | Batting: LHB Kyle Harrison | 0-0: Called Strike 0-1: Bunted foul 0-2: Foul Ball, location: 2F 0-2: Foul Ball, location: 2F 0-2: Ball 1-2: Ball 2-2: Ball 3-2: Foul Ball, location: 2F 3-2: Base on Balls | Batting: RHB Roberto Ybarra | 0-0: Ball 1-0: Ground out 4-3 (Groundball, 34) Kyle Harrison to second | Batting: RHB Jesús Hernández | 0-0: Called Strike 0-1: Ball 1-1: Foul Ball, location: 2F 1-2: Ground out 3-1 (Groundball, 34) Kyle Harrison to third | Batting: RHB Augusto Trevino | 0-0: Called Strike 0-1: Foul Ball, location: 2F 0-2: Ground out 4-3 (Groundball, 34) | Bottom of the 5th over - 0 runs, 0 hits, 0 errors, 1 left on base; Kalamazoo 2 - St Charles 1 | TOP OF THE 6TH |
---|
Kalamazoo Royale with Cheese batting - Pitching for St Charles Sheens : RHP António Ojeda | Batting: LHB Doyle Otterburn | 0-0: Swinging Strike 0-1: Ball 1-1: Foul Ball, location: 2F 1-2: Foul Ball, location: 2F 1-2: Ground out 4-3 (Groundball, 4S) | Batting: RHB Zander Tremblett | 0-0: Fly out, F4 (Popup, 4D) | Batting: LHB Jacob Wright | 0-0: Ball 1-0: Ground out U3 (Groundball, 34S) | Top of the 6th over - 0 runs, 0 hits, 0 errors, 0 left on base; Kalamazoo 2 - St Charles 1 | BOTTOM OF THE 6TH |
---|
St Charles Sheens batting - Pitching for Kalamazoo Royale with Cheese : LHP Manuel Herrera | Batting: LHB Larry Howard | 0-0: Ball 1-0: Ball 2-0: Foul Ball, location: 2F 2-1: Swinging Strike 2-2: Foul Ball, location: 2F 2-2: Ball 3-2: Strikes out swinging | Batting: RHB Max Rash | 0-0: Swinging Strike 0-1: Swinging Strike 0-2: Ball 1-2: Ball 2-2: SINGLE (Groundball, 34D) | Batting: RHB Víctor Arredondo | 0-0: Called Strike 0-1: Ball 1-1: Ball 2-1: Called Strike 2-2: Fielders Choice at 2nd, 1-6 (Groundball, P) | Batting: RHB Walton Smith | 0-0: Ball 1-0: Ground out 6-3 (Groundball, 6MS) | Bottom of the 6th over - 0 runs, 1 hit, 0 errors, 1 left on base; Kalamazoo 2 - St Charles 1 | TOP OF THE 7TH |
---|
Kalamazoo Royale with Cheese batting - Pitching for St Charles Sheens : RHP António Ojeda | Batting: LHB Roberto Sandoval | 0-0: Called Strike 0-1: Ball 1-1: Ball 2-1: Ball 3-1: Foul Ball, location: 2F 3-2: Foul Ball, location: 2F 3-2: Base on Balls | Batting: LHB Keith Tillman | 0-0: Ball 1-0: Bunted foul 1-1: Bunted foul 1-2: Ball 2-2: SINGLE (Groundball, 4D) Roberto Sandoval to second | Batting: LHB Bill McJannett | 0-0: Called Strike 0-1: Foul Ball, location: 2F 0-2: Ball 1-2: Ball 2-2: Fly out, F7 (Flyball, 7LM) | Batting: RHB Jimmy Simon | 0-0: Ball 1-0: Called Strike 1-1: Ground out 5-3 (Groundball, 5) Roberto Sandoval to third Keith Tillman to second | Batting: SHB Caden Keith | 0-0: Called Strike 0-1: Ball 1-1: Foul Ball, location: 2F 1-2: Ball 2-2: Ball 3-2: Foul Ball, location: 2F 3-2: Fly out, F8 (Line Drive, 8LM) | Top of the 7th over - 0 runs, 1 hit, 0 errors, 2 left on base; Kalamazoo 2 - St Charles 1 | BOTTOM OF THE 7TH |
---|
St Charles Sheens batting - Pitching for Kalamazoo Royale with Cheese : LHP Manuel Herrera | Batting: RHB Alfredo Hernández | 0-0: Ball 1-0: Ball 2-0: Ground out 4-3 (Groundball, 4M) | Batting: LHB Kyle Harrison | 0-0: Ball 1-0: Fly out, F7 (Flyball, 78M) | Batting: RHB Roberto Ybarra | 0-0: Called Strike 0-1: Foul Ball, location: 2F 0-2: Ball 1-2: Ground out 4-3 (Groundball, 34) | Bottom of the 7th over - 0 runs, 0 hits, 0 errors, 0 left on base; Kalamazoo 2 - St Charles 1 | TOP OF THE 8TH |
---|
Kalamazoo Royale with Cheese batting - Pitching for St Charles Sheens : RHP António Ojeda | Pitching: RHP Jesse Jones | | Batting: RHB Matt Perkins | 0-0: Ball 1-0: Ball 2-0: Ground out 1-3 (Groundball, 13) | Pinch Hitting: LHB Ricardo Romero | 0-0: Foul Ball, location: 2F 0-1: Ball 1-1: Ball 2-1: Called Strike 2-2: Strikes out looking | Batting: RHB Zander Tremblett | 0-0: Ball 1-0: Called Strike 1-1: Ground out U3 (Groundball, 34S) | Top of the 8th over - 0 runs, 0 hits, 0 errors, 0 left on base; Kalamazoo 2 - St Charles 1 | BOTTOM OF THE 8TH |
---|
St Charles Sheens batting - Pitching for Kalamazoo Royale with Cheese : LHP Manuel Herrera | Pitching: LHP Carlos Thomas | | Now at 1B: Ricardo Romero | | Now at 2B: Matt Perkins | | Pinch Hitting: RHB Dan Tyler | 0-0: Called Strike 0-1: Ball 1-1: Ball 2-1: SINGLE (Line Drive, 56D) | Pinch Runner at 1st Miguel Palácios: | | Pinch Hitting: RHB Miguel Encarnación | 0-0: Ball 1-0: SINGLE (Flyball, 7S) Miguel Palácios to second | Pinch Hitting: RHB Judson Backstrom | 0-0: Hit by Pitch Miguel Palácios to third Miguel Encarnación to second | Pinch Hitting: RHB Shawn Gutiérrez | 0-0: Swinging Strike 0-1: Ball 1-1: Called Strike 1-2: Ball 2-2: Foul Ball, location: 2F 2-2: Ball 3-2: Foul Ball, location: 2F 3-2: Grounds into fielders choice 5-2 (Groundball, 56S) Miguel Encarnación to third Judson Backstrom to second | Pinch Hitting: RHB Sergio Pujols | 0-0: Fly out, F9 (Line Drive, 9LD) Runner from 3rd tags up, SCORES, no throw | Batting: RHB Walton Smith | 0-0: Swinging Strike 0-1: Ball 1-1: Swinging Strike 1-2: Ball Wild Pitch! Judson Backstrom to third Shawn Gutiérrez to second 2-2: Strikes out swinging | Bottom of the 8th over - 1 run, 2 hits, 0 errors, 2 left on base; Kalamazoo 2 - St Charles 2 | BOTTOM OF THE 9TH |
---|
St Charles Sheens batting - Pitching for Kalamazoo Royale with Cheese : LHP Carlos Thomas | Now at 1B: Yoshihide Takahashi | | Now at SS: Bob Noble | | Pinch Hitting: RHB Ryan Parrish | 0-0: Ball | Now at 3B: Carlos Carrillo | 1-0: Swinging Strike 1-1: Ground out 6-3 (Groundball, 6) | Pinch Hitting: LHB Stan Bates | 0-0: Called Strike 0-1: Ball 1-1: Foul Ball, location: 2F 1-2: Strikes out swinging, 2-3 out at first. | Batting: RHB Rob Brady | 0-0: Ground out 2-3 (Groundball, 2L) | Bottom of the 9th over - 0 runs, 0 hits, 0 errors, 0 left on base; Kalamazoo 2 - St Charles 2 | TOP OF THE 10TH |
---|
Kalamazoo Royale with Cheese batting - Pitching for St Charles Sheens : RHP Juan Rivera | Now in CF: Juan Jose Rojas | | Now in RF: Mike Martin | | Pinch Hitting: RHB José Velásquez | 0-0: SINGLE (Groundball, 56S) (infield hit) | Pinch Hitting: RHB Bernardo Enríquez | 0-0: DOUBLE (Flyball, 8RXD) José Velásquez to third Runner from 3rd tries for Home, throw and OUT! | Batting: RHB Matt Perkins | 0-0: Ball 1-0: Foul Ball, location: 2F 1-1: Ball 2-1: Ground out 6-3 (Groundball, 6M) Bernardo Enríquez to third | Batting: LHB Ricardo Romero | 0-0: Called Strike 0-1: Swinging Strike 0-2: Foul Ball, location: 2F 0-2: Strikes out looking | Top of the 10th over - 0 runs, 2 hits, 0 errors, 1 left on base; Kalamazoo 2 - St Charles 2 | BOTTOM OF THE 10TH |
---|
St Charles Sheens batting - Pitching for Kalamazoo Royale with Cheese : LHP Carlos Thomas | Now in CF: José Velásquez | | Now in RF: Armando Pagán | | Batting: RHB Miguel Palácios | 0-0: Ball 1-0: Ball 2-0: Ball 3-0: Called Strike 3-1: Ground out 5-3 (Groundball, 5) | Batting: RHB Miguel Encarnación | 0-0: Called Strike 0-1: Ball 1-1: Ball 2-1: Ball 3-1: Foul Ball, location: 2F 3-2: Foul Ball, location: 2F 3-2: SINGLE (Flyball, 9S) | Batting: LHB Benny Richard | 0-0: Called Strike 0-1: Foul Ball, location: 2F 0-2: Ball Wild Pitch! Miguel Encarnación to second 1-2: Ball 2-2: Foul Ball, location: 2F 2-2: Ball 3-2: Intentional Walk | Batting: LHB Nick Gamble | 0-0: Ball 1-0: Called Strike 1-1: Foul Ball, location: 2F 1-2: Ball 2-2: Ball 3-2: Foul Ball, location: 2F 3-2: Foul Ball, location: 2F 3-2: Fielders Choice at 2nd, 6-4 (Groundball, 6D) Miguel Encarnación to third | Batting: RHB Sergio Pujols | 0-0: Called Strike 0-1: Ball 1-1: Ball 2-1: Fielders Choice at 2nd, U4 (Groundball, 4M) | Bottom of the 10th over - 0 runs, 1 hit, 0 errors, 2 left on base; Kalamazoo 2 - St Charles 2 | TOP OF THE 11TH |
---|
Kalamazoo Royale with Cheese batting - Pitching for St Charles Sheens : RHP Juan Rivera | Pitching: RHP Alejandro Longoria | | Batting: RHB Zander Tremblett | 0-0: Ball 1-0: Foul Ball, location: 2F 1-1: Foul Ball, location: 2F 1-2: Ball 2-2: Foul Ball, location: 2F 2-2: Ball 3-2: Ground out 5-3 (Groundball, 56) | Batting: LHB Félix Costa | 0-0: Ball 1-0: Foul Ball, location: 2F 1-1: SINGLE (Line Drive, 4D) | Batting: RHB Yoshihide Takahashi | Pickoff Throw to First - Out! 0-0: Ball 1-0: Ball 2-0: Called Strike 2-1: Foul Ball, location: 2F 2-2: Ball 3-2: Base on Balls | Batting: SHB Bob Noble | 0-0: Hit by Pitch Yoshihide Takahashi to second | Batting: RHB Carlos Carrillo | 0-0: Ground out 5-3 (Groundball, 56S) | Top of the 11th over - 0 runs, 1 hit, 0 errors, 2 left on base; Kalamazoo 2 - St Charles 2 | BOTTOM OF THE 11TH |
---|
St Charles Sheens batting - Pitching for Kalamazoo Royale with Cheese : LHP Carlos Thomas | Batting: RHB Walton Smith | 0-0: Ball 1-0: Called Strike 1-1: Fly out, F8 (Flyball, 78D) | Batting: RHB Mike Martin | 0-0: Ball 1-0: Ball 2-0: Reached on error, E1 (Groundball, 15S) | Batting: LHB Juan Jose Rojas | 0-0: Intentional Walk | Pitching: RHP Carl Thomas | | Batting: RHB Rob Brady | 0-0: Ball 1-0: Ball 2-0: Ball 3-0: Base on Balls Mike Martin to third Juan Jose Rojas to second | Batting: RHB Miguel Palácios | 0-0: Called Strike 0-1: Called Strike 0-2: Foul Ball, location: 2F 0-2: Ball 1-2: Ball 2-2: Strikes out swinging | Batting: RHB Miguel Encarnación | 0-0: Called Strike 0-1: Ball 1-1: Ball 2-1: SINGLE (Groundball, 34D) Mike Martin scores | Saturday, December 16th, 2017 - OOTP Baseball 18.8 Build 76 |
|